 Dungeon Crawl Stone Soup version 0.29-a0-266-gf56f883ddd (webtiles) character file.

Game seed: 7183676914434834363

4651 fragbeetle the Grappler (level 10, -14/100 HPs)
             Began as a Troll Cinder Acolyte on Mar 6, 2022.
             Was a High Priest of Ignis.
             Killed from afar by a centaur (21 damage)
             ... with a bolt of acid
             ... on level 8 of the Dungeon.
             The game lasted 00:14:31 (6400 turns).

fragbeetle the Grappler (Troll Cinder Acolyte)      Turns: 6400, Time: 00:14:31

Health: -14/100    AC:  8    Str: 24    XL:     10   Next: 20%
Magic:  10/10      EV:  9    Int: 10    God:    Ignis [*****.]
Gold:   484        SH:  0    Dex:  9    Spells: 6/11 levels left

rFire   + . .      SeeInvis .     - Unarmed
rCold   . . .      Faith    .   (no shield)
rNeg    . . .      Spirit   .   G - +0 steam dragon scales
rPois   .          Reflect  .   (helmet restricted)
rElec   .          Harm     .   (no cloak)
rCorr   .          Rampage  .   (gloves unavailable)
Will    .....                   (boots unavailable)
Stlth   +.........              E - amulet of magic regeneration
HPRegen 1.06/turn               (no ring)
MPRegen 0.52/turn               (no ring)

@: ice-armoured, corroded
A: large, unfitting armour, claws 3, regeneration 1, shaggy fur 1, tough skin 1
a: Renounce Religion, Fiery Armour, Foxfire Swarm, Rising Flame


You were on level 8 of the Dungeon.
You worshipped Ignis.
Ignis was extremely pleased with you.
You visited 2 branches of the dungeon, and saw 9 of its levels.

You collected 484 gold pieces.

Inventory:

Hand Weapons
 x - a +1 vorpal war axe
 B - the +5 dagger "Xagrunk" {vorpal, *Corrode rPois rC+ Int+3}
   (You found it on level 6 of the Dungeon)

   It inflicts extra damage upon your enemies.
   Int:       It affects your intelligence (+3).
   rC:        It protects you from cold.
   rPois:     It protects you from poison.
   *Corrode:  It may corrode you when you take damage.
Missiles
 n - 28 poisoned darts
Armour
 a - a +0 robe
 r - the +1 robe of the Morning {rN+ Int+6 Dex-3}
   (You found it on level 3 of the Dungeon)

   Int:       It affects your intelligence (+6).
   Dex:       It affects your dexterity (-3).
   rN:        It protects you from negative energy.
 G - +0 steam dragon scales (worn)
Jewellery
 E - an amulet of magic regeneration (around neck)
 F - a +6 ring of dexterity
Wands
 m - a wand of mindburst (1)
 t - a wand of polymorph (7)
 z - a wand of iceblast (19)
 C - a wand of paralysis (6)
Scrolls
 b - 3 scrolls of immolation {unknown}
 c - a scroll of amnesia {unknown}
 e - 3 scrolls of fear {unknown}
 f - 2 scrolls of summoning {unknown}
 g - a scroll of enchant weapon {unknown}
 h - 2 scrolls of blinking {unknown}
 j - 7 scrolls of teleportation
 k - a scroll of vulnerability {unknown}
 l - 2 scrolls of noise {unknown}
 s - 2 scrolls of magic mapping {unknown}
 u - 4 scrolls of identify {unknown}
 w - a scroll of acquirement {unknown}
 y - a scroll of enchant armour {unknown}
 D - a scroll of fog {unknown}
Potions
 d - 4 potions of curing
 i - 2 potions of flight {unknown}
 o - 2 potions of degeneration {unknown}
 p - a potion of lignification {unknown}
 q - a potion of attraction {unknown}
 v - 2 potions of haste {unknown}
 A - 3 potions of brilliance {unknown}
 H - a potion of heal wounds {unknown}


   Skills:
 - Level 6.8 Fighting
 - Level 10.0 Unarmed Combat
 - Level 1.0 Spellcasting
 + Level 4.4 Fire Magic
 + Level 5.4 Ice Magic


You had 6 spell levels left.
You knew the following spells:

 Your Spells              Type           Power      Damage    Failure   Level
a - Scorch                Fire           18%        2d5       9%          2
b - Ozocubu's Armour      Ice            11%        N/A       12%         3

Your spell library contained the following spells:

 Spells                   Type           Power      Damage    Failure   Level
 Pain                     Necr           0%         1d4       34%         1
 Metabolic Englaciation   Hex/Ice        2%         N/A       97%         5
 Agony                    Necr           0%         N/A       100%        5
 Excruciating Wounds      Necr           0%         N/A       100%        5
 Simulacrum               Ice/Necr       2%         N/A       100%        6


Dungeon Overview and Level Annotations

Branches:
Dungeon (8/15)             Temple (1/1) D:7
   Lair: D:8-11

Altars:
Ashenzari
Dithmenos
Elyvilon
Fedhas
Gozag
Hepliaklqana
Kikubaaqudgha
Makhleb
Nemelex Xobeh
Okawaru
Qazlal
Ru
Sif Muna
Trog
Uskayaw
Vehumet
Wu Jian
Xom
Zin
The Shining One


Innate Abilities, Weirdness & Mutations

You are too large for most types of armour.
You have claws for hands.
Your natural rate of healing is unusually fast.
You are covered in fur. (AC +1)
You have tough skin. (AC +1)


Message History

The gnoll shaman shouts!
You mangle the gnoll shaman!!
You kill the gnoll shaman!
You hear a shout!
You start resting.
A centaur comes into view. It is carrying a wand of acid (5).
You closely miss the centaur. The centaur hits you.
The centaur closely misses you.
You closely miss the centaur.
The centaur hits you but does no damage.
The centaur kicks you but does no damage.
You scratch the centaur. Your claw misses the centaur.
The centaur is lightly wounded.
The centaur barely misses you.
The centaur kicks you but does no damage.
You scratch the centaur.
The centaur is moderately wounded.
The centaur closely misses you.
The centaur kicks you but does no damage.
The centaur hits you but does no damage.
The centaur kicks you but does no damage.
You scratch the centaur but do no damage.
The centaur is moderately wounded.
The centaur zaps a wand.
The bolt of acid hits you!!
* * * LOW HITPOINT WARNING * * *
The acid corrodes you!
You claw the centaur!
The centaur is severely wounded.
The centaur hits you but does no damage.
The centaur kicks you but does no damage.
You scratch the centaur but do no damage.
Your claw misses the centaur.
The centaur is severely wounded.
The centaur zaps a wand.
The bolt of acid hits you!
* * * LOW HITPOINT WARNING * * *
The centaur hits you.
* * * LOW HITPOINT WARNING * * *
The centaur closely misses you.
You feel better.
The centaur zaps a wand.
The bolt of acid hits you!!
You die...

.........o#
..z........#
...........c
z......5..l.
z...#....... ### ###
..#. ?#..... #.. ..#
.... ....... #g)#..#
######## ##c###
#........ . #@#..#
#.####### ...###..#
#.# .....##'## #.#
#......# ##.##
#######.###...#####
......>..|........#
<##########...###.##
##.## # #. #.# #.#.


You could see a centaur.

Vanquished Creatures
  A two-headed ogre (D:8)
  Grinder (D:6)
  3 wyverns (D:8)
  A steam dragon (D:8)
  2 orc warriors (D:7)
  An ice beast (D:5)
  A sky beast (D:6)
  2 centaurs
  4 ogres
  A phantom (D:4)
  A lemure (D:7)
  3 kobold brigands
  4 scorpions
  5 bullfrogs
  A necrophage (D:8)
  6 killer bees (D:8)
  3 howler monkeys
  5 hounds
  2 jellies (D:7)
  7 orc priests
  A gnoll shaman (D:8)
  6 iguanas
  Ijyb (D:3)
  Terence (D:2)
  6 orc wizards
  13 gnolls
  9 adders
  A shadow imp (D:8)
  5 white imps
  A worm (D:2)
  3 dart slugs
  22 orcs
  9 bats
  6 endoplasms
  3 giant cockroaches
  8 goblins
  6 hobgoblins
  A jackal (D:4)
  4 quokkas
  9 ball pythons
  3 frilled lizards (D:1)
  18 kobolds
  5 rats
  A spectral goblin (D:1)
196 creatures vanquished.

Vanquished Creatures (others)
  A fungus (D:3)
1 creature vanquished.

Grand Total: 197 creatures vanquished

Notes
Turn   | Place    | Note
-------+----------+-------------------------------------------
     0 | D:1      | fragbeetle the Troll Cinder Acolyte began the quest for the
                  | Orb.
     0 | D:1      | Reached XP level 1. HP: 22/22 MP: 1/1
    60 | D:1      | Reached XP level 2. HP: 23/29 MP: 2/2
   450 | D:1      | Found a faded altar of an unknown god.
   718 | D:2      | Reached XP level 3. HP: 36/36 MP: 3/3
   754 | D:2      | Noticed Terence
   764 | D:2      | Killed Terence
   931 | D:2      | Reached XP level 4. HP: 44/44 MP: 4/4
   965 | D:2      | Learned a level 2 spell: Scorch
  1122 | D:2      | Reached XP level 5. HP: 45/50 MP: 5/5
  1374 | D:2      | Reached skill level 4 in Unarmed Combat
  1546 | D:3      | Noticed Ijyb
  1561 | D:3      | Killed Ijyb
  1675 | D:3      | Reached skill level 5 in Unarmed Combat
  1734 | D:3      | Learned a level 3 spell: Ozocubu's Armour
  1913 | D:3      | Reached XP level 6. HP: 48/59 MP: 2/6
  1929 | D:3      | Identified the +1 robe of the Morning {rN+ Int+6 Dex-3}
  1973 | D:3      | Found a stormy altar of Qazlal.
  1980 | D:3      | Found a blossoming altar of Fedhas.
  2392 | D:4      | Reached skill level 6 in Unarmed Combat
  2894 | D:5      | Entered Level 5 of the Dungeon
  2940 | D:5      | Reached XP level 7. HP: 66/66 MP: 7/7
  3174 | D:5      | Reached skill level 7 in Unarmed Combat
  3386 | D:5      | Reached skill level 8 in Unarmed Combat
  3810 | D:6      | Reached XP level 8. HP: 57/74 MP: 3/8
  3826 | D:6      | Reached skill level 9 in Unarmed Combat
  3874 | D:6      | Identified the +5 dagger "Xagrunk" {vorpal, *Corrode rPois
                  | rC+ Int+3}
  4086 | D:6      | Reached skill level 1 in Ice Magic
  4318 | D:6      | Noticed Grinder
  4321 | D:6      | Killed Grinder
  4322 | D:6      | Reached skill level 10 in Unarmed Combat
  4357 | D:6      | Found a shimmering altar of Xom.
  4915 | D:7      | Reached XP level 9. HP: 73/80 MP: 9/9
  5027 | D:7      | Found a staircase to the Ecumenical Temple.
  5066 | D:7      | Identified the +5 chain mail of Creativity {rC+ Str+3
                  | Int+6}
  5079 | Temple   | Entered the Ecumenical Temple
  5329 | D:7      | Reached skill level 5 in Ice Magic
  5679 | D:7      | Found a shadowy altar of Dithmenos.
  5891 | D:8      | Noticed a two-headed ogre
  5993 | D:8      | Reached skill level 5 in Fighting
  6265 | D:8      | Killed a two-headed ogre
  6266 | D:8      | Reached XP level 10. HP: 69/100 MP: 1/10
  6399 | D:8      | HP: 5/100 [centaur/bolt of acid (16)]
  6399 | D:8      | HP: 1/100 [centaur (4)]
  6400 | D:8      | Killed from afar by a centaur

Illustrated notes

Levels and vault maps discovered:
D:1:      mrwooster_arrival_statue_3, layout_loops_ring,
          dreamdust_ecumenical_altar_drowned_temple
D:2:      cheibrodos_pilgrimage, layout_basic, uniq_terence
D:3:      layout_basic, grunt_temple_overflow_forces_of_nature,
          minmay_quantized, uniq_ijyb
D:4:      layout_loops_cross, minmay_misc_feat_x, minmay_surrounded
D:5:      layout_loops_ring, minmay_misc_feat_enclosed, cheibrodos_gnoll_hut
D:6:      layout_cave_pods, mainiacjoe_overflow_brackets, uniq_grinder
D:7:      layout_loops_ring, minmay_temple_entry_statues, minmay_ruined_shrine,
          uniq_pikel
D:8:      minmay_s_stair_smasher, layout_loops_ring
Temple:   minmay_crystal_spiral_temple

Skill      XL: |  1  2  3  4  5  6  7  8  9 |
---------------+----------------------------+-----
Fire Magic     | 3 4 |  4.4
Unarmed Combat | 5 6 8 10 | 10.0
Ice Magic      | 3 5 |  5.4
Fighting       | 6 |  6.8
Spellcasting   | |  1.0

Action                   |  1- 3 |  4- 6 |  7- 9 | 10-12 || total
-------------------------+-------+-------+-------+-------++-------
Melee: Unarmed           |   104 |   149 |   308 |    34 ||   595
       Punch             |       |     3 |    12 |     3 ||    18
Throw: Dart              |       |       |     3 |       ||     3
 Cast: Scorch            |       |    12 |    41 |     1 ||    54
       Ozocubu's Armour  |       |       |     4 |     2 ||     6
Invok: Fiery Armour      |       |     1 |       |       ||     1
Evoke: Wand              |       |       |     3 |       ||     3
  Use: Potion            |     2 |     1 |       |     1 ||     4
       Scroll            |       |       |     1 |       ||     1
Armor: Robe              |    53 |    43 |    80 |       ||   176
       Steam dragon scal |       |       |       |    22 ||    22
Dodge: Dodged            |    58 |    57 |   148 |    20 ||   283

Table legend: (Time is in decaauts)
 A = Elapsed time spent in this place.
 B = Non-inter-level travel time spent in this place.
 C = Inter-level travel time spent in this place.
 D = Time resting spent in this place.
 E = Time spent auto-exploring this place.
 F = Levels seen in this place.
 G = Mean time per level.
                   A        B        C        D        E       F      G
               +--------+--------+--------+--------+--------+-----+--------+
         Total |   6329 |   6010 |    319 |    105 |   4497 |   9 |  703.2 |
       Dungeon |   6119 |   5883 |    236 |    105 |   4386 |   8 |  764.9 |
        Temple |    210 |    127 |     83 |      0 |    111 |   1 |  210.0 |
               +--------+--------+--------+--------+--------+-----+--------+

Top non-repeatable levels by time:
     D:6: 1053 daAuts
     D:5: 883 daAuts
     D:7: 822 daAuts
     D:1: 765 daAuts
     D:4: 751 daAuts
     D:2: 742 daAuts
     D:3: 624 daAuts
     D:8: 475 daAuts
  Temple: 210 daAuts
